 Dungeon Crawl Stone Soup version 0.27-a0-1256-gced786f65e (webtiles) character file.

Game seed: 8930606032980686238

7252 bobarctor the Thaumaturge (level 10, -3/52 HPs)
             Began as a Deep Elf Necromancer on June 11, 2021.
             Was a High Priest of Okawaru.
             Succumbed to a cane toad's poison
             ... on level 1 of the Lair of Beasts.
             The game lasted 01:16:15 (13834 turns).

bobarctor the Thaumaturge (Deep Elf Necromancer)   Turns: 13834, Time: 01:16:15

Health: -3/52      AC:  2    Str:  5    XL:     10   Next: 88%
Magic:  1/30       EV: 36    Int: 24    God:    Okawaru [*****.]
Gold:   138        SH:  0    Dex: 20    Spells: 3/37 levels left

rFire    . . .     SeeInvis .   (weapon currently unavailable)
rCold    . . .     Faith    .   (shield currently unavailable)
rNeg     + . .     Spirit   .   (armour currently unavailable)
rPois    x         Reflect  .   (helmet currently unavailable)
rElec    .         Harm     .   (cloak currently unavailable)
rCorr    .         Rampage  .   (gloves currently unavailable)
Will     +....                  (boots currently unavailable)
Stlth    +++.......             m - amulet of the acrobat
HPRegen  0.17/turn              n - ring of positive energy
MPRegen  0.22/turn              (no ring)

@: lethally poisoned (-3 -> -33), spider-form, acrobatic
A: venomous fangs, tiny
a: End Transformation, Renounce Religion, Heroism, Finesse


You were on level 1 of the Lair of Beasts.
You worshipped Okawaru.
Okawaru was extremely pleased with you.
You were a venomous arachnid creature.
You visited 3 branches of the dungeon, and saw 10 of its levels.

You collected 404 gold pieces.
You spent 266 gold pieces at shops.

Inventory:

Hand Weapons
 c - a +0 whip of flaming
 l - a +1 dagger of speed
 w - a +0 hand crossbow
 z - a +2 dagger of flaming
 D - a +3 scimitar
 E - a +0 short sword of protection (melded)
 F - a +0 shortbow
 L - a +0 long sword of holy wrath
Missiles
 f - 71 arrows
 k - 207 stones
 r - 91 bolts
 x - 2 curare-tipped darts
 y - 2 poisoned darts
 C - 4 boomerangs (quivered)
Armour
 d - a +2 robe of willpower (melded)
 j - a +2 pair of boots (melded)
 p - a +0 helmet (melded)
 A - the +0 cloak of Loss (melded) {Str+2 Dex+7}
   (You bought it in a shop on level 4 of the Dungeon)

   It affects your strength (+2).
   It affects your dexterity (+7).
 G - a +2 scale mail of poison resistance
Jewellery
 e - a ring of ice
 m - an amulet of the acrobat (around neck)
 n - a ring of positive energy (left front leg)
Wands
 i - a wand of flame (6)
 o - a wand of digging (6)
 t - a wand of iceblast (10)
 H - a wand of polymorph (8)
Scrolls
 b - a scroll of fog
 h - a scroll of enchant weapon {unknown}
 B - a scroll of blinking
 I - a scroll of amnesia
 K - a scroll of summoning
 M - a scroll of enchant armour {unknown}
Potions
 a - a potion of flight
 g - a potion of might
 q - a potion of cancellation
 s - a potion of magic
 u - 2 potions of haste
 J - a potion of curing


   Skills:
 + Level 1.0 Fighting
 + Level 3.7 Dodging
 + Level 3.2 Stealth
 * Level 14.4 Spellcasting
 + Level 3.8 Conjurations
 + Level 1.6 Summonings
 + Level 10.0 Necromancy
 + Level 0.3 Translocations
 + Level 2.0 Transmutations
 + Level 0.3 Fire Magic
 * Level 2.3 Ice Magic
 + Level 3.4 Air Magic
 + Level 5.1 Poison Magic
 * Level 4.6 Invocations


You had 3 spell levels left.
You knew the following spells:

 Your Spells              Type           Power      Damage    Failure   Level
a - Pain                  Necr           100%       1d9       1%          1
b - Blink                 Tloc           N/A        N/A       13%         2
c - Vampiric Draining     Necr           30%        2d10      1%          3
d - Spider Form           Tmut/Pois      17%        N/A       9%          3
e - Animate Dead          Necr           30%        N/A       3%          4
f - Mephitic Cloud        Conj/Pois/Air  37%        N/A       8%          3
g - Magic Dart            Conj           100%       1d8       4%          1
h - Call Imp              Summ           25%        N/A       10%         2
i - Conjure Flame         Conj/Fire      27%        6-21      13%         3
j - Poisonous Vapours     Pois/Air       74%        N/A       4%          2
k - Agony                 Necr           60%        N/A       7%          5
l - Freezing Cloud        Conj/Ice/Air   16%        6-21      47%         5

Your spell library contained the following spells:

 Spells                   Type           Power      Damage    Failure   Level
 Animate Skeleton         Necr           100%       N/A       1%          1
 Beastly Appendage        Tmut           54%        N/A       7%          1
 Wereblood                Tmut           27%        N/A       9%          2
 Slow                     Hex            17%        N/A       14%         2
 Ice Form                 Ice/Tmut       27%        N/A       32%         4


Dungeon Overview and Level Annotations

Branches:
Dungeon (8/15)             Temple (1/1) D:6            Lair (1/6) D:8

Altars:
Cheibriados
Elyvilon
Fedhas
Hepliaklqana
Kikubaaqudgha
Nemelex Xobeh
Okawaru
Qazlal
Ru
Trog
Uskayaw
Vehumet
Wu Jian
Xom
Yredelemnul
Zin
The Shining One

Shops:
D:2 :   D:4 [

Annotations:
D:7 3 runed translucent doors, iNFECTIOUSiTCH's ghost, novice OpBr


Message History

Your +2 robe of willpower melds into your body.
Your +0 short sword of protection goes still.
You feel less strong-willed. The cane toad completely misses you.
The yak gores you! The cane toad barely misses you. The cane toad stings you!!
You are lethally poisoned!
The cane toad poisons you!
You feel extremely sick.
Casting: Spider Form (dangerous; 9% risk of failure)
Confirm with . or Enter, or press ? or * to list all spells.
Aiming: Vampiric Draining (safe; 1% risk of failure)
Press: ? - help, Shift-Dir - straight line, f - cane toad, p - yak
Aim: a cane toad (lightly wounded)
You draw life force from the cane toad!
You feel life coursing into your body.
You feel very sick. The cane toad stings you!
* * * LOW HITPOINT WARNING * * *
You are more poisoned.
The cane toad poisons you!
Casting: Vampiric Draining (safe; 1% risk of failure)
Confirm with . or Enter, or press ? or * to list all spells.
Aiming: Vampiric Draining (safe; 1% risk of failure)
Press: ? - help, Shift-Dir - straight line, f/p - cane toad
Aim: a cane toad (heavily wounded)
You draw life force from the cane toad!
You feel life coursing into your body.
* * * LOW HITPOINT WARNING * * *
You feel extremely sick. The cane toad barely misses you.
Casting: Vampiric Draining (safe; 1% risk of failure)
Confirm with . or Enter, or press ? or * to list all spells.
Aiming: Vampiric Draining (safe; 1% risk of failure)
Press: ? - help, Shift-Dir - straight line, f/p - cane toad
Aim: a cane toad (severely wounded)
You draw life force from the cane toad!
You kill the cane toad!
Okawaru is honoured by your kill.
You feel life coursing into your body.
* * * LOW HITPOINT WARNING * * *
You feel extremely sick.
You die...

........#...#...#...##.....# +
##.#.##...#..##.#.#.##.....##
######...#.....#.####......#
#..#..P.....# #.'#####
#.....#...#.# ##.# ###..########
#..## ###......#### ##..#
##...........### ###.### #
##...........s..###.#'#P### #
#.+...........#Y#.........# ##
####.P...........#...........###.
.................#.#..........##.
.###...............+.........#...
###..............###.........#.##
# #..............# #...b.....+.#
####.........[...# #.........###
.#####...........# #.........#


You could see a yak.

Vanquished Creatures
  A two-headed ogre (D:8)
  Pikel (D:7)
  An elephant (D:7)
  2 cane toads (Lair:1)
  Grinder (D:4)
  A wyvern (D:8)
  13 yaks
  A basilisk (D:8)
  2 water moccasins
  2 ice beasts
  2 black bears
  A sky beast (D:7)
  An ogre (D:6)
  3 wolves (Lair:1)
  A centaur (D:8)
  A phantom (D:5)
  2 kobold brigands
  2 bullfrogs
  6 scorpions
  A wyvern zombie (D:6)
  A water moccasin skeleton (D:6)
  4 howler monkeys
  3 wights (D:7)
  2 centaur zombies (D:6)
  An orc priest (D:5)
  5 hounds
  A jelly (D:6)
  A bullfrog skeleton (D:7)
  A centaur skeleton (D:6)
  2 orc wizards
  Terence (D:2)
  5 iguanas (D:6)
  A hound skeleton (D:5)
  2 howler monkey zombies
  Robin (D:2)
  3 gnolls (D:2)
  7 adders
  A white imp (D:6)
  A worm (D:3)
  13 orcs
  2 ball pythons
  7 bats
  10 endoplasms
  8 giant cockroaches
  15 goblins
  7 hobgoblins
  10 jackals
  3 quokkas
  4 frilled lizards
  2 goblin skeletons (D:8)
  3 goblin zombies (D:8)
  2 hobgoblin zombies (D:8)
  15 kobolds
  A kobold skeleton (D:8)
  4 kobold zombies (D:8)
  An orc skeleton (D:8)
195 creatures vanquished.

Vanquished Creatures (collateral kills)
  Menkaure (D:7)
  A hobgoblin (D:2)
2 creatures vanquished.

Vanquished Creatures (others)
  4 fungi
  2 plants (Lair:1)
6 creatures vanquished.

Grand Total: 203 creatures vanquished

Notes
Turn   | Place    | Note
-------+----------+-------------------------------------------
     0 | D:1      | bobarctor the Deep Elf Necromancer began the quest for the
                  | Orb.
     0 | D:1      | Reached XP level 1. HP: 10/10 MP: 6/6
   149 | D:1      | Reached skill level 5 in Necromancy
   226 | D:1      | Learned a level 1 spell: Animate Skeleton
   273 | D:1      | Reached XP level 2. HP: 10/15 MP: 4/8
  1215 | D:2      | You fall into a shaft and drop 1 floor!
  1291 | D:3      | Found a faded altar of an unknown god.
  1296 | D:3      | Reached XP level 3. HP: 17/19 MP: 7/10
  1300 | D:3      | Learned a level 3 spell: Vampiric Draining
  1411 | D:3      | Reached skill level 4 in Spellcasting
  1808 | D:2      | Learned a level 3 spell: Spider Form
  1903 | D:2      | Found Dop Isari's Book Emporium.
  2166 | D:2      | Noticed Terence
  2172 | D:2      | Killed Terence
  2173 | D:2      | Reached XP level 4. HP: 21/24 MP: 4/12
  2402 | D:2      | Noticed Robin
  2535 | D:2      | Killed Robin
  2536 | D:2      | Reached skill level 5 in Spellcasting
  2675 | D:2      | Learned a level 4 spell: Animate Dead
  2844 | D:2      | Reached XP level 5. HP: 28/28 MP: 8/15
  3223 | D:3      | Learned a level 3 spell: Mephitic Cloud
  3373 | D:3      | Reached skill level 1 in Transmutations
  3822 | D:4      | Reached skill level 6 in Spellcasting
  3947 | D:4      | Learned a level 1 spell: Magic Dart
  3970 | D:4      | Found Sasew's Antique Armour Shop.
  4527 | D:4      | Noticed Grinder
  4547 | D:5      | Entered Level 5 of the Dungeon
  4629 | D:5      | Reached skill level 1 in Poison Magic
  4629 | D:5      | Reached XP level 6. HP: 24/32 MP: 2/17
  4708 | D:5      | Noticed an ice beast
  4717 | D:5      | Killed an ice beast
  4718 | D:5      | Reached skill level 7 in Spellcasting
  4718 | D:5      | Reached skill level 1 in Conjurations
  4768 | D:5      | Reached skill level 1 in Air Magic
  4975 | D:6      | Reached XP level 7. HP: 36/36 MP: 14/20
  5070 | D:6      | Learned a level 2 spell: Blink
  5073 | D:6      | Learned a level 2 spell: Call Imp
  5240 | D:6      | Found a staircase to the Ecumenical Temple.
  5251 | Temple   | Entered the Ecumenical Temple
  5407 | Temple   | Became a worshipper of Warmaster Okawaru
  5486 | D:6      | Reached skill level 8 in Spellcasting
  5815 | D:6      | Learned a level 3 spell: Conjure Flame
  6025 | D:6      | Reached XP level 8. HP: 39/42 MP: 11/22
  6087 | D:6      | Learned a level 2 spell: Poisonous Vapours
  6270 | D:6      | Reached * piety under Okawaru
  6271 | D:6      | Reached skill level 1 in Invocations
  6857 | D:6      | Reached skill level 9 in Spellcasting
  7430 | D:5      | Found a glowing silver altar of Zin.
  8051 | D:4      | Found a white marble altar of Elyvilon.
  8057 | D:4      | Found a snail-covered altar of Cheibriados.
  8062 | D:4      | Found an ornate altar of the Wu Jian Council.
  8145 | D:4      | Killed Grinder
  8146 | D:4      | Reached skill level 10 in Spellcasting
  8524 | D:4      | Bought a steaming cloak for 266 gold pieces
  8524 | D:4      | Identified the +0 cloak of Loss {Str+2 Dex+7} (You bought
                  | it in a shop on level 4 of the Dungeon)
  8617 | D:7      | Noticed Pikel
  8630 | D:7      | Killed Pikel
  8630 | D:7      | Reached ** piety under Okawaru
  8631 | D:7      | Reached skill level 1 in Summonings
  8631 | D:7      | Reached XP level 9. HP: 43/46 MP: 7/25
  8758 | D:7      | Noticed Menkaure
  9383 | D:7      | Reached skill level 5 in Poison Magic
  9446 | D:7      | Found a runed translucent gate.
  9446 | D:7      | Found a runed translucent gate.
  9447 | D:7      | Found a runed translucent gate.
  9467 | D:7      | Found a sparkling altar of Nemelex Xobeh.
  9479 | D:7      | Reached skill level 11 in Spellcasting
  9529 | D:7      | Reached *** piety under Okawaru
  9671 | D:7      | Noticed iNFECTIOUSiTCH's ghost (novice OpBr)
 10724 | D:7      | Killed Menkaure
 11314 | D:8      | Learned a level 5 spell: Agony
 11390 | D:8      | Reached skill level 12 in Spellcasting
 11394 | D:8      | Noticed a two-headed ogre
 11559 | D:8      | Found a staircase to the Lair.
 11579 | D:8      | Noticed an elephant
 11729 | D:7      | Killed an elephant
 11730 | D:7      | Reached XP level 10. HP: 32/51 MP: 1/28
 11865 | D:7      | Learned a level 5 spell: Freezing Cloud
 11952 | D:8      | Killed a two-headed ogre
 11952 | D:8      | Reached **** piety under Okawaru
 11953 | D:8      | Reached skill level 1 in Fighting
 11953 | D:8      | Reached skill level 1 in Ice Magic
 12169 | D:8      | Found a glowing golden altar of the Shining One.
 12427 | D:8      | Found a stormy altar of Qazlal.
 12691 | Lair:1   | Entered Level 1 of the Lair of Beasts
 12819 | Lair:1   | Reached skill level 13 in Spellcasting
 13481 | Lair:1   | Reached skill level 10 in Necromancy
 13635 | Lair:1   | Noticed a cane toad
 13639 | Lair:1   | Killed a cane toad
 13806 | Lair:1   | Reached skill level 14 in Spellcasting
 13806 | Lair:1   | Noticed a cane toad
 13808 | Lair:1   | Reached ***** piety under Okawaru
 13833 | Lair:1   | Killed a cane toad
 13834 | Lair:1   | Succumbed to a cane toad's poison

Illustrated notes

Levels and vault maps discovered:
D:1:      dpeg_arrival_rooms_c, layout_basic, minmay_misc_feat_chi
D:2:      layout_basic, serial_shops, shop, uniq_terence, uniq_robin
D:3:      layout_loops_ring, ebering_ecumenical_altar_ruins, grunt_ministairs_12
D:4:      layout_cave_pods, minmay_overflow_temple_star_quad, serial_shops,
          shop, hangedman_decor_opposing, uniq_grinder
D:5:      layout_rooms, zin_statuary
D:6:      layout_layer_cave, minmay_temple_entry_mist, st_stairs_4
D:7:      layout_rooms, nicolae_overflow_crystal_walls,
          ebering_ghost_rock_garden, minmay_misc_feat_room, uniq_menkaure,
          uniq_pikel
D:8:      layout_gridville, nicolae_tso_besieged_by_evil,
          general_overflow_altar, david_lair_generic, serial_glass,
          glass_columns_c, glass_columns_a, glass_columns_a, glass_columns_c,
          glass_columns_a, glass_columns_a
Temple:   regret_index_temple_generic_petals
Lair:1:   layout_roguey, lemuel_fruit_fields

Skill      XL: |  1  2  3  4  5  6  7  8  9 10 |
---------------+-------------------------------+-----
Necromancy     | 5 6 7 8 10 | 10.0
Spellcasting   | 4 5 6 7 8 10 12 14 | 14.4
Transmutations | 1 2 |  2.0
Poison Magic   | 1 3 4 5 |  5.1
Conjurations   | 1 3 |  3.8
Air Magic      | 1 3 |  3.4
Dodging        | 3 |  3.7
Invocations    | 2 4 |  4.6
Stealth        | 3 |  3.2
Summonings     | 1 |  1.6
Fighting       | 1 |  1.0
Ice Magic      | 2 |  2.3
Translocations | |  0.3
Fire Magic     | |  0.3

Action                   |  1- 3 |  4- 6 |  7- 9 | 10-12 || total
-------------------------+-------+-------+-------+-------++-------
Melee: Club              |       |    16 |     2 |       ||    18
       Unarmed           |       |     4 |    24 |     1 ||    29
       Dagger            |       |       |    25 |       ||    25
       Short sword       |       |       |    11 |    20 ||    31
Throw: Boomerang         |       |       |     4 |       ||     4
 Cast: Pain              |    64 |    63 |   114 |    28 ||   269
       Vampiric Draining |     2 |    24 |    52 |    38 ||   116
       Spider Form       |       |     1 |     1 |     2 ||     4
       Animate Skeleton  |       |     1 |       |       ||     1
       Magic Dart        |       |     6 |   130 |    27 ||   163
       Mephitic Cloud    |       |     2 |    26 |    13 ||    41
       Call Imp          |       |       |    41 |       ||    41
       Conjure Flame     |       |       |    15 |     4 ||    19
       Blink             |       |       |    13 |       ||    13
       Animate Dead      |       |       |       |     1 ||     1
  Use: Scroll            |       |     9 |     7 |     2 ||    18
 Stab: Confused          |       |       |     1 |       ||     1
Armor: Robe              |     4 |    11 |    51 |     5 ||    71
       Skin              |       |       |     2 |       ||     2
Dodge: Dodged            |     3 |    50 |   229 |    33 ||   315

Table legend: (Time is in decaauts)
 A = Elapsed time spent in this place.
 B = Non-inter-level travel time spent in this place.
 C = Inter-level travel time spent in this place.
 D = Time resting spent in this place.
 E = Time spent auto-exploring this place.
 F = Levels seen in this place.
 G = Mean time per level.
                   A        B        C        D        E       F      G
               +--------+--------+--------+--------+--------+-----+--------+
         Total |  13861 |  13142 |    719 |   5298 |   5502 |  10 | 1386.1 |
       Dungeon |  12522 |  11828 |    694 |   4682 |   5022 |   8 | 1565.2 |
        Temple |    194 |    169 |     25 |      0 |    150 |   1 |  194.0 |
          Lair |   1144 |   1144 |      0 |    616 |    330 |   1 | 1144.0 |
               +--------+--------+--------+--------+--------+-----+--------+

Top non-repeatable levels by time:
     D:6: 2612 daAuts
     D:7: 2127 daAuts
     D:2: 1465 daAuts
     D:8: 1443 daAuts
     D:3: 1318 daAuts
     D:4: 1211 daAuts
     D:5: 1191 daAuts
     D:1: 1153 daAuts
  Lair:1: 1144 daAuts
  Temple: 194 daAuts
